 Dungeon Crawl Stone Soup version 0.29.0-4-gdea44cf6ec (webtiles) character file.

Game seed: 16757260114058713747

499 qw the Cleaver (level 6, -7/52 HPs)
             Began as a Minotaur Fighter on Sept 8, 2022.
             Mangled by a mummy (14 damage)
             ... in an ossuary.
             The game lasted 00:01:49 (3777 turns).

qw the Cleaver (Minotaur Fighter)                   Turns: 3777, Time: 00:01:49

Health: -7/52      AC: 10    Str: 23    XL:     6   Next: 94%
Magic:  5/5        EV: 10    Int:  5    God:
Gold:   310        SH:  5    Dex: 13    Spells: 5/5 levels left

rFire   + + .      SeeInvis .   Y - +0 war axe
rCold   . . .      Faith    .   c - +0 buckler
rNeg    . . .      Spirit   .   b - +0 scale mail
rPois   .          Reflect  .   (helmet restricted)
rElec   .          Harm     .   (no cloak)
rCorr   .          Rampage  .   m - +2 pair of gloves
Will    .....                   (no boots)
Stlth   ..........              (no amulet)
HPRegen 0.17/turn               q - ring "Ynial" {rF+ Dex+4}
MPRegen 0.09/turn               a - ring of protection from fire

@: about to teleport
A: horns 2, retaliatory headbutt
a: no special abilities


You were in an ossuary.
You visited 1 branch of the dungeon, and saw 4 of its levels.
You also visited: Ossuary.

You collected 310 gold pieces.


Innate Abilities, Weirdness & Mutations

You have a pair of horns on your head.
You reflexively headbutt those who attack you in melee.


   Skills:
 - Level 4.0 Fighting
 + Level 8.5 Axes
 - Level 3.6 Armour
 - Level 2.0 Dodging
 - Level 3.6 Shields


You had 5 spell levels left.
You didn't know any spells.
Your spell library was empty.

Inventory:

Hand Weapons
 p - a +0 flail
 Y - a +0 war axe (weapon)
Missiles
 l - 4 boomerangs (quivered)
Armour
 b - a +0 scale mail (worn)
 c - a +0 buckler (worn)
 m - a +2 pair of gloves (worn)
Jewellery
 a - a ring of protection from fire (right hand)
 h - a ring of resist corrosion
 q - the ring "Ynial" (left hand) {rF+ Dex+4}
   (You found it on level 3 of the Dungeon)

   [ring of protection from fire]

   Dex:       It affects your dexterity (+4).
   rF:        It protects you from fire.
Scrolls
 g - a scroll of identify
 k - 2 scrolls of teleportation
Potions
 d - a potion of might
 i - a potion of cancellation

Dungeon Overview and Level Annotations

Branches:
Dungeon (4/15)            Ossuary (1/1)
 Temple: D:4-7

Altars:


Message History

The mummy is severely damaged.
The mummy barely misses you. You furiously retaliate!
You headbutt the mummy. You slash the mummy!
You destroy the mummy!
You slash the mummy! You barely miss the mummy.
The mummy is heavily damaged.
You hit the mummy. x2
The mummy closely misses you.
You hit the mummy but do no damage.
The mummy is heavily damaged.
You hit the mummy but do no damage. You slash the mummy! The mummy hits you.
The mummy hits you but does no damage.
You barely miss the mummy.
The mummy is almost destroyed.
You hit the mummy. x2
You block the mummy's attack. The mummy barely misses you. The mummy hits you!
You barely miss the mummy.
The mummy is almost destroyed.
You slash the mummy! You barely miss the mummy. The mummy closely misses you.
You barely miss the mummy.
You headbutt the mummy, but do no damage.
The mummy is almost destroyed.
You hit the mummy. x2
The mummy hits you. The mummy hits you!
You hit the mummy but do no damage.
The mummy is almost destroyed.
You closely miss the mummy. You hit the mummy but do no damage.
The mummy closely misses you. You furiously retaliate!
You headbutt the mummy.
You destroy the mummy!
The mummy hits you! The mummy hits you but does no damage.
3776 ||| READING 3 scrolls of teleportation.
As you read the scroll of teleportation, it crumbles to dust.
You feel strangely unstable.
You hit the mummy but do no damage. Your headbutt misses the mummy.
The mummy is almost destroyed.
You hit the mummy. The mummy hits you!
You die...

...........
.........
........
......
#....#
#....#
#...M#
#..@M#
#....#
#....#
#....#
#....#
#.\\.#
######


You could see 2 mummies.

Vanquished Creatures
  An ogre (D:4)
  A scorpion (D:4)
  A hound (D:4)
  An iguana (D:3)
  Ijyb (D:4)
  3 mummies
  A gnoll (D:1)
  11 adders
  2 worms (D:3)
  3 dart slugs
  4 orcs
  7 ball pythons
  9 endoplasms
  4 giant cockroaches
  A gnoll zombie (Ossuary)
  5 goblins
  9 hobgoblins
  8 jackals
  5 quokkas
  8 bats
  3 frilled lizards
  A hobgoblin zombie (Ossuary)
  13 kobolds
  3 kobold zombies (Ossuary)
  2 orc zombies (Ossuary)
  5 rats
112 creatures vanquished.

Notes
Turn   | Place    | Note
-------+----------+-------------------------------------------
     0 | D:1      | qw the Minotaur Fighter began the quest for the Orb.
     0 | D:1      | Reached XP level 1. HP: 19/19 MP: 0/0
     0 | D:1      | 0 ||| qw: Version: 0.1-a-111-g1c1fd2e
     0 | D:1      | 0 ||| qw: Game counter: 6641
     0 | D:1      | 0 ||| qw: Always use a shield: true
     0 | D:1      | 0 ||| qw: God list: Ru
     0 | D:1      | 0 ||| qw: Allow faded altars: false
     0 | D:1      | 0 ||| qw: Do Orc after D:15 true
     0 | D:1      | 0 ||| qw: Do second Lair branch before Depths: true
     0 | D:1      | 0 ||| qw: Lair rune preference: random
     0 | D:1      | 0 ||| qw: Plans: Normal
     0 | D:1      | 0 ||| PLANNING D:1-11
    47 | D:1      | Reached skill level 3 in Axes
   220 | D:1      | 220 ||| DROPPING +0 whip.
   239 | D:1      | Reached XP level 2. HP: 26/26 MP: 1/1
   323 | D:1      | Found a faded altar of an unknown god.
   576 | D:1      | You fall into a shaft and drop 1 floor!
   589 | D:2      | 589 ||| UPGRADING to ring of protection from fire.
   590 | D:2      | 590 ||| READING scroll labelled ATYMUDWUOL.
   594 | D:2      | 594 ||| READING scroll labelled EBLODA IKHANK.
   609 | D:2      | Reached skill level 4 in Axes
   623 | D:1      | Reached XP level 3. HP: 31/31 MP: 2/2
   951 | D:1      | 951 ||| Stepping ~*~*~tactically~*~*~ (stealth).
   972 | D:1      | 972 ||| Stepping ~*~*~tactically~*~*~ (stealth).
  1254 | D:1      | 1254 ||| UPGRADING to ring of resist corrosion.
  1255 | D:1      | 1255 ||| READING scroll labelled LIEGIRGHO JIERR.
  1287 | D:2      | Reached skill level 5 in Axes
  1329 | D:2      | 1329 ||| Stepping ~*~*~tactically~*~*~ (stealth).
  1336 | D:2      | Reached skill level 1 in Dodging
  1382 | D:2      | Reached XP level 4. HP: 39/39 MP: 3/3
  1506 | D:2      | 1506 ||| Stepping ~*~*~tactically~*~*~ (stealth).
  1679 | D:2      | 1679 ||| FLEEEEING.
  1680 | D:2      | 1680 ||| FLEEEEING.
  1681 | D:2      | 1681 ||| FLEEEEING.
  1682 | D:2      | 1682 ||| FLEEEEING.
  1683 | D:2      | 1683 ||| FLEEEEING.
  1684 | D:2      | 1684 ||| FLEEEEING.
  1685 | D:2      | 1685 ||| FLEEEEING.
  1978 | D:2      | 1978 ||| DROPPING +2 whip of draining.
  2004 | D:2      | 2004 ||| READING 4 scrolls labelled ARUAJUAVORR.
  2007 | D:2      | 2007 ||| READING scroll labelled DIDODDULOL.
  2008 | D:2      | 2008 ||| READING scroll labelled BAZANW DIUWKAJ.
  2009 | D:2      | 2009 ||| READING scroll labelled JIELEOS EFROGH.
  2113 | D:2      | 2113 ||| DRINKING 2 fuming blue potions.
  2114 | D:2      | 2114 ||| READING 4 scrolls of identify.
  2114 | D:2      | 2114 ||| IDENTIFYING white potion
  2115 | D:2      | 2115 ||| READING 3 scrolls of identify.
  2115 | D:2      | 2115 ||| IDENTIFYING fuming sapphire potion
  2116 | D:2      | 2116 ||| DROPPING potion of degeneration.
  2117 | D:2      | 2117 ||| DROPPING potion of attraction.
  2172 | D:3      | 2172 ||| Stepping ~*~*~tactically~*~*~ (stealth).
  2173 | D:3      | 2173 ||| Stepping ~*~*~tactically~*~*~ (stealth).
  2219 | D:3      | 2219 ||| Stepping ~*~*~tactically~*~*~ (stealth).
  2223 | D:3      | 2223 ||| Stepping ~*~*~tactically~*~*~ (stealth).
  2224 | D:3      | 2224 ||| Stepping ~*~*~tactically~*~*~ (stealth).
  2229 | D:3      | 2229 ||| Stepping ~*~*~tactically~*~*~ (stealth).
  2230 | D:3      | 2230 ||| Stepping ~*~*~tactically~*~*~ (stealth).
  2237 | D:3      | 2237 ||| Stepping ~*~*~tactically~*~*~ (stealth).
  2238 | D:3      | 2238 ||| Stepping ~*~*~tactically~*~*~ (stealth).
  2264 | D:3      | Reached skill level 6 in Axes
  2267 | D:3      | 2267 ||| FLEEEEING.
  2280 | D:3      | Reached XP level 5. HP: 28/45 MP: 4/4
  2433 | D:3      | 2433 ||| Stepping ~*~*~tactically~*~*~ (stealth).
  2920 | D:3      | Identified the ring "Ynial" {rF+ Dex+4}
  2974 | D:3      | 2974 ||| UPGRADING to +2 pair of gloves.
  2979 | D:3      | 2979 ||| DROPPING ring of fire.
  2980 | D:3      | 2980 ||| UPGRADING to ring "Ynial" {rF+ Dex+4}.
  2982 | D:3      | 2982 ||| UPGRADING to ring of protection from fire.
  2984 | D:3      | 2984 ||| READING scroll labelled GEXEJOCAFE.
  2985 | D:3      | 2985 ||| DRINKING 2 emerald potions.
  2986 | D:3      | 2986 ||| READING 3 scrolls of identify.
  2986 | D:3      | 2986 ||| IDENTIFYING grey potion
  2987 | D:3      | 2987 ||| READING 2 scrolls of identify.
  2987 | D:3      | 2987 ||| IDENTIFYING green potion
  2988 | D:3      | 2988 ||| DROPPING potion of brilliance.
  3013 | D:4      | 3013 ||| PLANNING OSSUARY
  3020 | D:4      | Noticed an ogre
  3021 | D:4      | 3021 ||| Stepping ~*~*~tactically~*~*~ (stealth).
  3026 | D:4      | 3026 ||| Stepping ~*~*~tactically~*~*~ (stealth).
  3029 | D:4      | HP: 9/45 [ogre/+0 giant club (15)]
  3030 | D:4      | 3030 ||| READING 5 scrolls of teleportation.
  3031 | D:4      | 3031 ||| DRINKING 2 potions of heal wounds.
  3032 | D:4      | Killed an ogre
  3033 | D:4      | Reached skill level 7 in Axes
  3033 | D:4      | Reached XP level 6. HP: 41/51 MP: 5/5
  3181 | D:4      | Noticed Ijyb
  3184 | D:4      | 3184 ||| DRINKING potion of curing.
  3184 | D:4      | 3184 ||| (to cure confusion)
  3205 | D:4      | Reached skill level 8 in Axes
  3210 | D:4      | HP: 11/52 [Ijyb/+0 dagger (5)]
  3211 | D:4      | 3211 ||| READING 4 scrolls of teleportation.
  3212 | D:4      | 3212 ||| DRINKING potion of heal wounds.
  3213 | D:4      | Killed Ijyb
  3667 | D:4      | 3667 ||| Stepping ~*~*~tactically~*~*~ (hiding).
  3711 | D:4      | Found a sand-covered staircase.
  3735 | D:4      | 3735 ||| READING scroll labelled QUALEP RUSTUHU.
  3736 | D:4      | 3736 ||| READING scroll labelled BAK KUAGROPTATAP.
  3737 | D:4      | 3737 ||| READING 2 scrolls of identify.
  3737 | D:4      | 3737 ||| IDENTIFYING bubbling blue potion
  3738 | D:4      | 3738 ||| DROPPING potion of flight.
  3744 | Ossuary  | Entered an ossuary
  3775 | Ossuary  | HP: 6/52 [mummy (8)]
  3776 | Ossuary  | 3776 ||| READING 3 scrolls of teleportation.
  3777 | Ossuary  | Mangled by a mummy

Levels and vault maps discovered:
D:1:      dpeg_arrival_radiant, layout_basic,
          shapermc_ecumenical_altar_rom_forum, minmay_pentomino_q2
D:2:      layout_loops_cross
D:3:      layout_loops_ring
D:4:      layout_loops_cross, gup_ossuary_entry_pyramid, uniq_ijyb
Ossuary:  ossuary_tomb_3

Skill      XL: |  1  2  3  4  5  6 |
---------------+-------------------+-----
Axes           | 3 4 5 6 7 8 |  8.5
Dodging        | 1 2 |  2.0
Fighting       | 4 |  4.0
Armour         | |  3.6
Shields        | |  3.6

Action                   |  1- 3 |  4- 6 || total
-------------------------+-------+-------++-------
Melee: War axe           |    68 |   165 ||   233
       Headbutt          |     6 |    25 ||    31
Throw: Boomerang         |       |    22 ||    22
  Use: Scroll            |     3 |    15 ||    18
       Potion            |       |     5 ||     5
Armor: Scale mail        |    29 |    65 ||    94
Dodge: Dodged            |    22 |    67 ||    89
Block: Buckler           |    15 |    24 ||    39

Table legend:
 A = Non-vault XP
 B = Vault XP
 C = Vault XP percentage of total XP
 D = Non-vault monster count
 E = Vault monster count
 F = Vault count percentage of total count
                 A         B        C        D         E       F
            +---------+---------+-------+---------+---------+-------
      Total |     609 |     104 |  14.6 |      99 |      13 |  11.6
            +---------+---------+-------+---------+---------+-------
        D:1 |      47 |       3 |   6.0 |      23 |       2 |   8.0
        D:2 |      88 |       0 |   0.0 |      25 |       0 |   0.0
        D:3 |     135 |       0 |   0.0 |      29 |       0 |   0.0
        D:4 |     339 |      57 |  14.4 |      22 |       2 |   8.3
    Ossuary |       0 |      44 | 100.0 |       0 |       9 | 100.0
            +---------+---------+-------+---------+---------+-------
